 Dungeon Crawl Stone Soup version 0.30-a0-782-ge64f9170bb (webtiles) character file.

Game seed: 14547988528807530572

107 Brevnom the Poker (level 4, -1/34 HPs)
             Began as a Merfolk Gladiator on Feb 25, 2023.
             Slain by a gnoll
             ... wielding a +0 halberd
              (13 damage)
             ... on level 2 of the Dungeon.
             The game lasted 00:07:23 (1495 turns).

Brevnom the Poker (Merfolk Gladiator)               Turns: 1495, Time: 00:07:24

Health: -1/34      AC:  6    Str: 16    XL:     4   Next: 86%
Magic:  4/4        EV: 12    Int:  7    God:
Gold:   28         SH:  0    Dex: 15    Spells: 3/3 levels left

rFire   . . .      SeeInvis .    a - +0 trident
rCold   . . .      Faith    .    (no shield)
rNeg    . . .      Spirit   .    l - +0 ring mail
rPois   .          Reflect  .    c - +0 helmet
rElec   .          Harm     .    (no cloak)
rCorr   .          Rampage  .    (no gloves)
Will    .....                    (no boots)
Stlth   +                        (no amulet)
HPRegen 0.25/turn                (no ring)
MPRegen 0.09/turn                (no ring)

@: no status effects
A: (nimble swimmer 2), mertail
a: no special abilities


You were on level 2 of the Dungeon.
You visited 1 branch of the dungeon, and saw 2 of its levels.

You collected 28 gold pieces.

Inventory:

Hand Weapons
 a - a +0 trident (weapon)
Missiles
 d - 3 throwing nets (quivered)
 e - a javelin
 i - 11 poisoned darts
Armour
 b - a +0 leather armour
 c - a +0 helmet (worn)
 l - a +0 ring mail (worn)
Jewellery
 n - a ring of magical power
Scrolls
 f - 3 scrolls of magic mapping
 h - a scroll of fog
Potions
 g - a potion of heal wounds {unknown}
 j - a potion of haste {unknown}
 k - a potion of resistance {unknown}
 m - a potion of attraction {unknown}


   Skills:
 + Level 2.8 Fighting
 + Level 5.7 Polearms
 + Level 2.0 Throwing
 + Level 0.9 Armour
 + Level 4.7 Dodging
 + Level 0.3 Stealth


You had 3 spell levels left.
You didn't know any spells.
Your spell library contained the following spells:

 Spells                   Type           Power      Damage    Failure   Level
 Frozen Ramparts          Ice            0%         1d1       95%         3
 Ice Form                 Ice/Tmut       0%         N/A       100%        4
 Summon Ice Beast         Ice/Summ       0%         N/A       100%        4


Dungeon Overview and Level Annotations

Branches:
Dungeon (2/15)

Altars:
Yredelemnul


Innate Abilities, Weirdness & Mutations

((You are very nimble when in or above water. (Stealth+, EV+, Speed+++)))
Your lower body shifts to a powerful aquatic tail in water.


Message History

The gnoll is moderately wounded.
The gnoll barely misses you. The gnoll hits you with a +0 flail.
Reach: a) +0 trident
Press: ? - help, Dir - move target, f/p - gnoll
Aim: a gnoll, wielding a +0 halberd (moderately wounded, about 36% to evade your +0 trident)
The gnoll is in the way.
You puncture the gnoll!
You kill the gnoll!
The gnoll hits you but does no damage.
Reach: a) +0 trident
Press: ? - help, Dir - move target, f/p - gnoll
Aim: a gnoll, wielding a +0 halberd (moderately wounded, about 36% to evade your +0 trident)
The gnoll is in the way.
You puncture the gnoll!
The gnoll is severely wounded.
The gnoll misses you. The gnoll hits you but does no damage.
Reach: a) +0 trident
Press: ? - help, Dir - move target, f/p - gnoll
Aim: a gnoll, wielding a +0 halberd (moderately wounded, about 36% to evade your +0 trident)
You reach to attack!
You closely miss the gnoll.
The gnoll is moderately wounded.
The gnoll hits you from afar with a +0 halberd!
The gnoll barely misses you.
Reach: a) +0 trident
Press: ? - help, Dir - move target, f/p - gnoll
Aim: a gnoll, wielding a +0 halberd (moderately wounded, about 36% to evade your +0 trident)
The gnoll is in the way.
You puncture the gnoll!
You kill the gnoll!
The gnoll closely misses you.
Reach: a) +0 trident
Press: ? - help, Dir - move target, f/p - gnoll
Aim: a gnoll, wielding a +0 halberd (moderately wounded, about 36% to evade your +0 trident)
You reach to attack!
You hit the gnoll but do no damage.
The gnoll is moderately wounded.
The gnoll hits you from afar with a +0 halberd.
Reach: a) +0 trident
Press: ? - help, Dir - move target, f/p - gnoll
Aim: a gnoll, wielding a +0 halberd (moderately wounded, about 36% to evade your +0 trident)
You reach to attack!
You closely miss the gnoll.
The gnoll is moderately wounded.
The gnoll hits you from afar with a +0 halberd!
You die...

..#..#...###.#..#
#.!..*
#.##...###...####
#...,* ...#.###...#..#
#g.#**
.#####...#.##.## ##..#
##.#.....#.....# #gg.#
...##.##....##.###..#*
....#..#..⌠..#..#...#
#...##........#.##g.#
.....#^.#..#....@).##
..##.##.##.....###.#
⌠..#..#.[#...###,..#
...##.##...###*,####
.###...+.### ***
.....##### ...###*
.###,,* ##,,,,*


You could see a gnoll.

Vanquished Creatures
  2 adders (D:2)
  2 gnolls (D:2)
  A dart slug (D:2)
  3 ball pythons
  7 bats
  An endoplasm (D:1)
  3 giant cockroaches (D:1)
  7 goblins
  7 hobgoblins
  10 jackals
  A quokka (D:2)
  4 frilled lizards
  6 kobolds
  8 rats
62 creatures vanquished.

Notes
Turn   | Place    | Note
-------+----------+-------------------------------------------
     0 | D:1      | Brevnom the Merfolk Gladiator began the quest for the Orb.
     0 | D:1      | Reached XP level 1. HP: 16/16 MP: 1/1
   154 | D:1      | Reached XP level 2. HP: 23/23 MP: 2/2
   457 | D:1      | Reached XP level 3. HP: 28/28 MP: 3/3
   534 | D:1      | Reached skill level 5 in Polearms
  1097 | D:2      | Reached XP level 4. HP: 31/34 MP: 4/4
  1306 | D:2      | Found a basalt altar of Yredelemnul.
  1495 | D:2      | Slain by a gnoll

Illustrated notes

Levels and vault maps discovered:
D:1:      sevenhm_arrival_forest_fort_large_3, layout_loops_ring
D:2:      minmay_skewed_foursquare, layout_rooms, basic_altar

Skill      XL: |  1  2  3 |
---------------+----------+-----
Polearms       | 5 |  5.7
Fighting       | |  2.8
Throwing       | |  2.0
Armour         | |  0.9
Dodging        | |  4.7
Stealth        | |  0.3

Action                     |  1- 3 |  4- 6 || total
---------------------------+-------+-------++-------
  Melee: Trident           |   138 |    69 ||   207
         Punch             |     1 |       ||     1
    Use: Scroll            |       |     2 ||     2
   Stab: Sleeping          |     1 |       ||     1
 Armour: Leather armour    |    35 |       ||    35
         Ring mail         |     8 |    21 ||    29
  Dodge: Dodged            |    77 |    42 ||   119

Table legend: (Time is in decaauts)
 A = Elapsed time spent in this place.
 B = Non-inter-level travel time spent in this place.
 C = Inter-level travel time spent in this place.
 D = Time resting spent in this place.
 E = Time spent auto-exploring this place.
 F = Levels seen in this place.
 G = Mean time per level.
                   A        B        C        D        E       F      G
               +--------+--------+--------+--------+--------+-----+--------+
         Total |   1504 |   1353 |    151 |      0 |    966 |   2 |  752.0 |
       Dungeon |   1504 |   1353 |    151 |      0 |    966 |   2 |  752.0 |
               +--------+--------+--------+--------+--------+-----+--------+

Top non-repeatable levels by time:
     D:1: 996 daAuts
     D:2: 508 daAuts
